 Dungeon Crawl Stone Soup version 0.29.0-4-gdea44cf6ec (webtiles) character file.

Game seed: 1384328813204909627

771 qw the Cleaver (level 7, -2/41 HPs)
             Began as a Tengu Warper on Aug 28, 2022.
             Was an Initiate of Okawaru.
             Slain by Pikel
             ... wielding a +1 whip of freezing
              (3 damage)
             ... on level 4 of the Dungeon.
             The game lasted 00:00:27 (3752 turns).

qw the Cleaver (Tengu Warper)                       Turns: 3752, Time: 00:00:27

Health: -2/41      AC:  8    Str: 14    XL:     7   Next: 83%
Magic:  11/11      EV:  7    Int: 13    God:    Okawaru [......]
Gold:   159        SH:  0    Dex: 13    Spells: 10/10 levels left

rFire   + . .      SeeInvis .   Y - +1 war axe
rCold   . . .      Faith    .   (no shield)
rNeg    . . .      Spirit   .   n - +0 chain mail
rPois   .          Reflect  .   (helmet restricted)
rElec   .          Harm     .   (no cloak)
rCorr   +          Rampage  .   (no gloves)
Will    .....                   (boots unavailable)
Stlth   ..........              k - amulet of regeneration
HPRegen 0.93/turn               j - ring of protection from fire
MPRegen 0.12/turn               m - ring of resist corrosion

@: flying quickly and evasively, quick
A: beak, talons 3, nimble flight
a: Renounce Religion


You were on level 4 of the Dungeon.
You worshipped Okawaru.
Okawaru was noncommittal.
You visited 2 branches of the dungeon, and saw 5 of its levels.

You collected 159 gold pieces.


Innate Abilities, Weirdness & Mutations

You have a beak for a mouth.
You have claws for feet.
Your magical nature lets you fly swiftly and evasively.


   Skills:
 - Level 3.2 Fighting
 + Level 8.8 Axes
 - Level 1.0 Throwing
 - Level 2.2 Armour
 - Level 2.1 Dodging
 - Level 2.0 Spellcasting
 - Level 2.4 Translocations


You had 10 spell levels left.
You didn't know any spells.
Your spell library contained the following spells:

 Spells                   Type           Power      Damage    Failure   Level
 Blink                    Tloc           14%        N/A       98%         2
 Gell's Gravitas          Tloc           7%         N/A       100%        3
 Lesser Beckoning         Tloc           7%         N/A       100%        3
 Teleport Other           Tloc           7%         N/A       100%        3
 Manifold Assault         Tloc           7%         N/A       100%        5

Inventory:

Hand Weapons
 h - a +0 flail
 Y - a +1 war axe (weapon)
Armour
 f - a scarf of resistance
 n - a +0 chain mail (worn)
Jewellery
 j - a ring of protection from fire (left hand)
 k - an amulet of regeneration (around neck)
 m - a ring of resist corrosion (right hand)
Scrolls
 a - a scroll of identify
Potions
 b - a potion of haste
 c - 3 potions of curing
 d - 3 potions of might
 e - a potion of flight {unknown}
 g - a potion of resistance {unknown}
 l - a potion of mutation {unknown}
 o - a potion of attraction {unknown}

Dungeon Overview and Level Annotations

Branches:
Dungeon (4/15)             Temple (1/1) D:4

Altars:
Cheibriados
Dithmenos
Elyvilon
Fedhas
Gozag
Hepliaklqana
Kikubaaqudgha
Makhleb
Okawaru
Qazlal
Trog
Uskayaw
Vehumet
Wu Jian
Xom
Yredelemnul

Annotations:
D:3 3 runed translucent doors, qw's ghost, amateur TeWr
D:4 Pikel


Message History

Pikel is lightly wounded.
Pikel hits you with a +1 whip of freezing.
Pikel freezes you.
You hit Pikel. You peck Pikel, but do no damage.
Pikel is lightly wounded.
Pikel closely misses you.
You hit Pikel.
Pikel is moderately wounded.
Pikel barely misses you.
You barely miss Pikel.
Pikel is moderately wounded.
Pikel hits you with a +1 whip of freezing.
Pikel freezes you.
You miss Pikel. You claw Pikel, but do no damage.
Pikel is moderately wounded.
Pikel hits you with a +1 whip of freezing.
Pikel freezes you.
You hit Pikel. Your kick misses Pikel. You peck Pikel, but do no damage.
Pikel is moderately wounded.
Pikel hits you with a +1 whip of freezing.
Pikel freezes you.
A lemure comes into view.
3748 ||| Stepping ~*~*~tactically~*~*~ (stealth).
You slash Pikel! You claw Pikel. Your peck misses Pikel.
Pikel is severely wounded.
Pikel closely misses you.
You closely miss Pikel. You claw Pikel, but do no damage.
You peck Pikel, but do no damage.
Pikel is severely wounded.
Pikel hits you but does no damage.
Pikel hits you with a +1 whip of freezing.
Pikel freezes you.
You barely miss Pikel. Your peck misses Pikel.
Pikel is severely wounded.
Pikel hits you but does no damage.
You closely miss Pikel. You peck Pikel, but do no damage.
Pikel is severely wounded.
Pikel hits you with a +1 whip of freezing!
Pikel freezes you.
You die...

#..........#...... #
#####.####..<..... #.
#.# #.#...... #.. #.#
#.#...... #...
#####.####.#......
#....##.................
<..5..!5.....###.#######
#K###......# #@#
#.#P...####### #.#
#.#...........
#.###.#...P#######
#.#.#.##.#.#
####.#.#.#.##.#.#
.................#
#####..........#########
#.#.#...##.# #.....
#.#.#...##.# ######


You could see Pikel and a lemure.

Vanquished Creatures
  An ogre (D:4)
  2 phantoms (D:4)
  A necrophage (D:4)
  A bullfrog zombie (D:4)
  An orc priest (D:3)
  A hound (D:3)
  A centaur zombie (D:4)
  2 iguanas
  2 scorpion zombies (D:4)
  An orc wizard (D:4)
  A hound zombie (D:4)
  3 hound skeletons (D:4)
  7 adders
  An adder skeleton (D:4)
  4 worms
  A dart slug (D:3)
  11 orcs
  4 bats
  9 endoplasms
  A giant cockroach (D:1)
  6 goblins
  7 hobgoblins
  A jackal (D:3)
  4 quokkas
  7 ball pythons
  6 frilled lizards
  9 kobolds
  5 rats
100 creatures vanquished.

Vanquished Creatures (others)
  A withered plant (D:4)
1 creature vanquished.

Grand Total: 101 creatures vanquished

Notes
Turn   | Place    | Note
-------+----------+-------------------------------------------
     0 | D:1      | qw the Tengu Warper began the quest for the Orb.
     0 | D:1      | Reached XP level 1. HP: 12/12 MP: 4/4
     0 | D:1      | 0 ||| qw: Version: 0.1-a-89-g26bdef1
     0 | D:1      | 0 ||| qw: Game counter: 2671
     0 | D:1      | 0 ||| qw: Always use a shield: true
     0 | D:1      | 0 ||| qw: God list: Okawaru
     0 | D:1      | 0 ||| qw: Allow faded altars: false
     0 | D:1      | 0 ||| qw: Do Orc after D:15 true
     0 | D:1      | 0 ||| qw: Do second Lair branch before Depths: true
     0 | D:1      | 0 ||| qw: Lair rune preference: random
     0 | D:1      | 0 ||| qw: Plans: Normal
     0 | D:1      | 0 ||| PLANNING D:1-11
   334 | D:1      | Found a faded altar of an unknown god.
   517 | D:1      | Reached skill level 3 in Axes
   517 | D:1      | Reached XP level 2. HP: 15/17 MP: 6/6
   660 | D:1      | 660 ||| Stepping ~*~*~tactically~*~*~ (stealth).
   676 | D:1      | 676 ||| Stepping ~*~*~tactically~*~*~ (stealth).
   996 | D:1      | 996 ||| UPGRADING to +0 ring mail.
  1006 | D:1      | 1006 ||| DROPPING +0 leather armour.
  1007 | D:1      | 1007 ||| READING scroll labelled RENLOZUOKH.
  1008 | D:1      | 1008 ||| READING scroll labelled KAHUFF QENUVU.
  1009 | D:1      | 1009 ||| DROPPING scroll of blinking.
  1056 | D:2      | Reached XP level 3. HP: 12/21 MP: 7/7
  1069 | D:2      | 1069 ||| FLEEEEING.
  1070 | D:2      | 1070 ||| FLEEEEING.
  1071 | D:2      | 1071 ||| STAIRDANCE
  1283 | D:2      | Reached skill level 4 in Axes
  1343 | D:2      | 1343 ||| SWAPPING to +0 war axe.
  1347 | D:2      | 1347 ||| DROPPING +1 hand axe.
  1354 | D:2      | 1354 ||| Stepping ~*~*~tactically~*~*~ (stealth).
  1745 | D:2      | 1745 ||| Stepping ~*~*~tactically~*~*~ (stealth).
  1746 | D:2      | 1746 ||| Stepping ~*~*~tactically~*~*~ (stealth).
  1757 | D:2      | Reached XP level 4. HP: 25/26 MP: 8/8
  1775 | D:2      | 1775 ||| Stepping ~*~*~tactically~*~*~ (stealth).
  1941 | D:2      | 1941 ||| UPGRADING to amulet of regeneration.
  1946 | D:2      | 1946 ||| UPGRADING to ring of protection from fire.
  1947 | D:2      | 1947 ||| READING scroll labelled JENOTWIPNA.
  2048 | D:2      | 2048 ||| READING scroll labelled IVVOODD NADAHI.
  2051 | D:2      | 2051 ||| DRINKING 2 bubbling sapphire potions.
  2089 | D:2      | 2089 ||| DROPPING potion of lignification.
  2120 | D:3      | 2120 ||| Stepping ~*~*~tactically~*~*~ (stealth).
  2121 | D:3      | 2121 ||| Stepping ~*~*~tactically~*~*~ (stealth).
  2129 | D:3      | 2129 ||| Stepping ~*~*~tactically~*~*~ (stealth).
  2134 | D:3      | 2134 ||| Stepping ~*~*~tactically~*~*~ (hiding).
  2139 | D:3      | Reached skill level 5 in Axes
  2150 | D:3      | 2150 ||| Stepping ~*~*~tactically~*~*~ (stealth).
  2162 | D:3      | 2162 ||| DROPPING +0 whip.
  2174 | D:3      | 2174 ||| READING scroll of enchant weapon.
  2174 | D:3      | 2174 ||| ENCHANTING +0 war axe.
  2216 | D:3      | 2216 ||| Stepping ~*~*~tactically~*~*~ (stealth).
  2225 | D:3      | Gained mutation: Your magical nature lets you fly swiftly
                  | and evasively. [Tengu growth]
  2225 | D:3      | Reached XP level 5. HP: 30/30 MP: 9/9
  2235 | D:3      | 2235 ||| DROPPING +2 whip of flaming.
  2266 | D:3      | Found a bloodstained altar of Trog.
  2273 | D:3      | Found a runed translucent gate.
  2274 | D:3      | Found a runed translucent gate.
  2276 | D:3      | Found a runed translucent gate.
  2295 | D:3      | Noticed qw's ghost (amateur TeWr)
  2322 | D:3      | 2322 ||| Stepping ~*~*~tactically~*~*~ (hiding).
  2358 | D:3      | Reached skill level 6 in Axes
  2378 | D:3      | 2378 ||| Stepping ~*~*~tactically~*~*~ (stealth).
  2828 | D:3      | 2828 ||| UPGRADING to +0 chain mail.
  2838 | D:3      | 2838 ||| DROPPING +0 ring mail.
  2839 | D:3      | 2839 ||| UPGRADING to ring of resist corrosion.
  2840 | D:3      | 2840 ||| DRINKING 3 red potions.
  2841 | D:3      | 2841 ||| READING 3 scrolls of identify.
  2841 | D:3      | 2841 ||| IDENTIFYING cyan potion
  2842 | D:3      | 2842 ||| READING 2 scrolls of identify.
  2842 | D:3      | 2842 ||| IDENTIFYING fizzy cyan potion
  2851 | D:4      | 2851 ||| STAIRDANCE
  2868 | D:4      | Reached XP level 6. HP: 33/35 MP: 10/10
  2964 | D:4      | Reached skill level 7 in Axes
  3015 | D:4      | Reached skill level 3 in Fighting
  3018 | D:4      | Reached XP level 7. HP: 36/41 MP: 11/11
  3056 | D:4      | 3056 ||| Stepping ~*~*~tactically~*~*~ (stealth).
  3101 | D:4      | 3101 ||| Stepping ~*~*~tactically~*~*~ (stealth).
  3200 | D:4      | Found an ornate altar of the Wu Jian Council.
  3231 | D:4      | HP: 10/41 [ogre/+0 giant club (16)]
  3232 | D:4      | 3232 ||| READING scroll of teleportation.
  3294 | D:4      | Found a staircase to the Ecumenical Temple.
  3295 | D:4      | 3295 ||| PLANNING TEMPLE
  3295 | D:4      | 3295 ||| READING scroll labelled LELEXOLI ZYODWYV.
  3308 | Temple   | Entered the Ecumenical Temple
  3459 | Temple   | Became a worshipper of Warmaster Okawaru
  3514 | Temple   | 3514 ||| PLANNING D:1-11
  3558 | D:4      | Reached skill level 8 in Axes
  3730 | D:4      | Noticed Pikel
  3747 | D:4      | HP: 10/41 [Pikel/+1 whip of freezing (4)]
  3748 | D:4      | 3748 ||| Stepping ~*~*~tactically~*~*~ (stealth).
  3752 | D:4      | HP: 1/41 [Pikel/+1 whip of freezing (9)]
  3752 | D:4      | Slain by Pikel

Levels and vault maps discovered:
D:1:      minmay_arrival_split_and_join, layout_basic,
          shapermc_ecumenical_altar_gd
D:2:      layout_loops_cross
D:3:      minmay_chambers_of_twos, layout_rooms,
          mainiacjoe_overflow_tiny_flanked, serial_corexii_hall,
          chequers_hall_statues_y, corexii_hall_statues_s,
          corexii_hall_statues_i, corexii_hall_statues_i,
          gammafunk_ghost_necromancy
D:4:      layout_basic, marbit_many_paths, minmay_temple_entry_large_hall,
          serial_undead, serial_undead_e, serial_undead_b, serial_undead_a,
          serial_undead_c, serial_undead_e, serial_undead_a,
          minmay_statues_item, grunt_ministairs_10, uniq_pikel
Temple:   dpeg_chambers_temple

Skill      XL: |  1  2  3  4  5  6  7 |
---------------+----------------------+-----
Axes           | 3 4 5 6 7 8 |  8.8
Armour         | 2 |  2.2
Fighting       | 3 |  3.2
Throwing       | |  1.0
Dodging        | |  2.1
Spellcasting   | |  2.0
Translocations | |  2.4

Action                   |  1- 3 |  4- 6 |  7- 9 || total
-------------------------+-------+-------+-------++-------
Melee: Hand axe          |    45 |       |       ||    45
       Kick              |    20 |    35 |    19 ||    74
       Peck              |    10 |    13 |    13 ||    36
       War axe           |    32 |   120 |    73 ||   225
       Punch             |       |     1 |     1 ||     2
Throw: Boomerang         |     7 |       |       ||     7
  Use: Scroll            |     2 |     5 |     2 ||     9
       Potion            |       |     2 |       ||     2
Armor: Leather armour    |     7 |       |       ||     7
       Ring mail         |    12 |    17 |       ||    29
       Chain mail        |       |    33 |    21 ||    54
Dodge: Dodged            |    26 |    62 |    20 ||   108

Table legend:
 A = Non-vault XP
 B = Vault XP
 C = Vault XP percentage of total XP
 D = Non-vault monster count
 E = Vault monster count
 F = Vault count percentage of total count
                 A         B        C        D         E       F
            +---------+---------+-------+---------+---------+-------
      Total |     581 |     521 |  47.3 |      78 |      22 |  22.0
            +---------+---------+-------+---------+---------+-------
        D:1 |      22 |       0 |   0.0 |      14 |       0 |   0.0
        D:2 |      65 |       0 |   0.0 |      21 |       0 |   0.0
        D:3 |     168 |      53 |  24.0 |      26 |       9 |  25.7
        D:4 |     326 |     468 |  58.9 |      17 |      13 |  43.3
            +---------+---------+-------+---------+---------+-------
